 Dungeon Sprint DCSS version 0.30.1-11-g7821555f0a (webtiles) character file.

Game seed: 4232563268580374506

373 Heoruswealwe the Spear-Bearer (level 6, -4/63 HPs)
             Began as a Minotaur Fighter on Jan 2, 2024.
             Was an Initiate of Gozag.
             Slain by a two-headed ogre
             ... wielding a +0 dire flail of holy wrath
              (24 damage)
             ... in the Dungeon (Sprint IX: "|||||||||||||||||||||||||||||").
             The game lasted 00:01:15 (120 turns).

Heoruswealwe the Spear-Bearer (Minotaur Fighter)     Turns: 120, Time: 00:01:17

Health: -4/63      AC:  8    Str: 22    XL:     6   Next: 43%
Magic:  5/5        EV:  9    Int:  5    God:    Gozag
Gold:   0          SH:  4    Dex: 10    Spells: 5/5 levels left

rFire   . . .        a - +0 trident
rCold   . . .        d - +0 buckler
rNeg    . . .        c - +0 scale mail
rPois   .            (helmet restricted)
rElec   .            (no cloak)
rCorr   .            (no gloves)
SInv    .            (no boots)
Will    .....        (no amulet) Stlth
                     (no ring)
HPRegen 0.30/turn    (no ring)
MPRegen 0.09/turn

%: no teleportation
@: no status effects
A: horns 2, retaliatory headbutt
a: Renounce Religion, Potion Petition, Call Merchant, Bribe Branch


You were in the Dungeon.
You worshipped Gozag.
Gozag was noncommittal.
You visited 1 branch

Inventory:

Hand Weapons
 a - a +0 trident (weapon)
 k - a +2 vampiric halberd
Armour
 c - a +0 scale mail (worn)
 d - a +0 buckler (worn)
Wands
 h - a wand of acid (10)
Scrolls
 j - 2 scrolls of blinking
Potions
 b - a potion of might
 e - 5 potions of curing
 f - 2 potions of heal wounds
 g - a potion of haste
 i - a potion of berserk rage


   Skills:
 + Level 9.1 Fighting
 * Level 11.9 Polearms
 + Level 9.1 Armour
 - Level 3.6 Shields


You had 5 spell levels left.
You didn't know any spells.
Your spell library was empty.

Dungeon Overview and Level Annotations

Branches:
Dungeon (1/1)

Altars:
Cheibriados
Dithmenos
Elyvilon
Fedhas
Gozag
Hepliaklqana
Kikubaaqudgha
Makhleb
Nemelex Xobeh
Okawaru
Qazlal
Ru
Sif Muna
Trog
Uskayaw
Vehumet
Wu Jian
Xom
Yredelemnul
Zin
The Shining One
Jiyva
Lugonu


Innate Abilities, Weirdness & Mutations

You have a pair of horns on your head.
You reflexively headbutt those who attack you in melee.


Message History

The kobold brigand is almost dead.
The kobold brigand hits you but does no damage.
You hit the kobold brigand but do no damage.
Your headbutt misses the kobold brigand.
The kobold brigand is almost dead.
You block the kobold brigand's attack.
You barely miss the kobold brigand.
Your headbutt misses the kobold brigand.
The kobold brigand is almost dead.
The howler monkey is distracted by your dazzling golden aura.
The kobold brigand completely misses you.
The howler monkey howls!
You puncture the kobold brigand!
You kill the kobold brigand!
Your Fighting skill increases to level 9!
Your Armour skill increases to level 9!
The two-headed ogre barely misses you. You block the two-headed ogre's attack.
Things that are here:
63 gold pieces; a +0 whip; 5 poisoned darts You barely miss the two-headed ogre.
The yak is distracted by your dazzling golden aura.
The two-headed ogre closely misses you. You furiously retaliate!
You headbutt the two-headed ogre. The two-headed ogre barely misses you.
The yak bellows!
You puncture the two-headed ogre!
The two-headed ogre is moderately wounded.
The yak is no longer distracted by gold.
You barely miss the two-headed ogre.
The two-headed ogre is moderately wounded.
The two-headed ogre hits you with a +0 dire flail of holy wrath.
The two-headed ogre hits you with a +0 giant club!
You puncture the two-headed ogre!
The two-headed ogre is heavily wounded.
You hit the two-headed ogre. You headbutt the two-headed ogre!
The two-headed ogre is severely wounded.
The howler monkey is no longer distracted by gold.
The two-headed ogre hits you but does no damage.
The two-headed ogre hits you with a +0 giant club!!
You die...
Your body crumbles into a pile of gold. ▓▓▓▓▓▓▓▓▓▓▓▓▓▓▓▓▓▓▓▓▓▓▓ _____'!?).[[[==$@OhYg.+ ▓▓▓▓▓▓▓▓▓▓▓▓▓▓▓▓▓▓▓▓▓▓▓ $ $ $ $$$$ $$$$$ $ $ $ $$$$$

You could see a two-headed ogre, a yak, a gnoll sergeant and a howler monkey.

Vanquished Creatures
  A yak (D)
  A kobold brigand (D)
  A gnoll sergeant (D)
  2 hounds (D)
  A jelly (D)
  An orc (D)
  A ball python (D)
  A goblin (D)
  3 hobgoblins (D)
12 creatures vanquished.

Notes
Turn   | Place    | Note
-------+----------+-------------------------------------------
     0 | D        | Heoruswealwe the Minotaur Fighter began the quest for the
                  | Orb.
     0 | D        | Reached XP level 1. HP: 19/19 MP: 0/0
     7 | D        | Reached skill level 3 in Polearms
    12 | D        | Reached skill level 4 in Polearms
    19 | D        | Noticed a gnoll sergeant
    19 | D        | Noticed a hound
    19 | D        | Noticed a jelly
    19 | D        | Noticed a hound
    21 | D        | Reached XP level 2. HP: 18/28 MP: 1/1
    38 | D        | Killed a gnoll sergeant
    39 | D        | Reached skill level 5 in Fighting
    39 | D        | Reached skill level 7 in Polearms
    39 | D        | Reached skill level 5 in Armour
    39 | D        | Reached XP level 3. HP: 18/37 MP: 2/2
    39 | D        | Reached XP level 4. HP: 22/44 MP: 3/3
    42 | D        | Reached skill level 8 in Polearms
    48 | D        | Reached skill level 9 in Polearms
    48 | D        | Reached XP level 5. HP: 21/52 MP: 4/4
    54 | D        | Found a snail-covered altar of Cheibriados.
    54 | D        | Found a shadowy altar of Dithmenos.
    54 | D        | Found a white marble altar of Elyvilon.
    54 | D        | Found a blossoming altar of Fedhas.
    54 | D        | Found an opulent altar of Gozag.
    55 | D        | Found a hazy altar of Hepliaklqana.
    56 | D        | Found a viscous altar of Jiyva.
    57 | D        | Found an ancient bone altar of Kikubaaqudgha.
    58 | D        | Found a corrupted altar of Lugonu.
    59 | D        | Found a burning altar of Makhleb.
    60 | D        | Found a sparkling altar of Nemelex Xobeh.
    61 | D        | Found an iron altar of Okawaru.
    62 | D        | Became a worshipper of Gozag Ym Sagoz the Greedy
    63 | D        | Found a stormy altar of Qazlal.
    64 | D        | Found a sacrificial altar of Ru.
    65 | D        | Found a shimmering blue altar of Sif Muna.
    66 | D        | Found a bloodstained altar of Trog.
    67 | D        | Found a hide-covered altar of Uskayaw.
    68 | D        | Found a radiant altar of Vehumet.
    69 | D        | Found an ornate altar of the Wu Jian Council.
    70 | D        | Found a shimmering altar of Xom.
    71 | D        | Found a basalt altar of Yredelemnul.
    72 | D        | Found a glowing silver altar of Zin.
    73 | D        | Found a glowing golden altar of the Shining One.
    96 | D        | Noticed a yak
    96 | D        | Noticed a two-headed ogre
    96 | D        | Noticed a yak
   102 | D        | Killed a yak
   103 | D        | Reached skill level 11 in Polearms
   103 | D        | Reached XP level 6. HP: 44/62 MP: 5/5
   120 | D        | Slain by a two-headed ogre

Illustrated notes

Levels and vault maps discovered:
D:        linesprint [early_d, line_temple, items_1, d_10, items_2, lair_1,
          lair_end, items_3, orc_1, orc_end, items_4, d_15, swamp_1, shoals_1,
          snake_1, spider_1, d_20, vaults_1, items_5, swamp_end, shoals_end,
          snake_end, spider_end, vaults_end, d_27, items_6, zot_1, zot_end,
          crypt_end, forest_end, elf_end, slime_end, tomb_end, abyss_end,
          pan_hell_end]

Skill      XL: |  1  2  3  4  5  6 |
---------------+-------------------+-----
Polearms       | 4 7 9 11 | 11.9
Fighting       | 4 5 7 8 9 |  9.1
Armour         | 4 5 7 8 9 |  9.1
Shields        | |  3.6

Action                     |  1- 3 |  4- 6 || total
---------------------------+-------+-------++-------
  Melee: Trident           |    22 |    31 ||    53
         Headbutt          |     4 |     6 ||    10
    Use: Potion            |     1 |       ||     1
 Armour: Scale mail        |     4 |     6 ||    10
  Dodge: Dodged            |     3 |     7 ||    10
  Block: Buckler           |     6 |     7 ||    13
